 Dungeon Crawl Stone Soup version 0.23.0 (webtiles) character file.

Game seed: 17753931698529341407

3999 Lavandula the Grappler (level 10, 0/95 (96) HPs)
             Began as a Troll Hunter on Feb 16, 2019.
             Was a Priest of Fedhas.
             Slain by a yak (13 damage)
             ... on level 9 of the Dungeon.
             The game lasted 00:13:42 (4420 turns).

Lavandula the Grappler (Troll Hunter)               Turns: 4420, Time: 00:13:42

HP:   0/95 (96)     AC:  6    Str: 25    XL:     10   Next: 3%
MP:   0/9           EV: 12    Int:  7    God:    Fedhas [***...]
Gold: 216           SH:  0    Dex: 10    Spells: 9/9 levels left

rFire    . . .     SeeInvis .     - Unarmed
rCold    . . .     Gourm    +   (no shield)
rNeg     . . .     Faith    .   b - +0 robe
rPois    .         Spirit   +   (helmet restricted)
rElec    .         Reflect  .   J - scarf {Spirit}
rCorr    .         Harm     .   (gloves unavailable)
MR       +....                  (boots unavailable)
Stlth    +.........             (no amulet)
HPRegen  0.65/turn              q - ring of protection from magic
MPRegen  0.11/turn              (no ring)

@: no status effects
A: large, unfitting armour, claws 3, fast metabolism 3, gourmand, regeneration
1, shaggy fur 1, tough skin 3
a: Fungal Bloom, Sunlight, Evolution, Growth, Renounce Religion


You were on level 9 of the Dungeon.
You worshipped Fedhas.
Fedhas was most pleased with you.
You were not hungry.

You visited 1 branch of the dungeon, and saw 9 of its levels.

You collected 372 gold pieces.
You spent 156 gold pieces at shops.

Inventory:

Missiles
 c - 3 large rocks (quivered)
 d - 2 throwing nets
 r - 5 javelins
 y - 17 tomahawks
Armour
 b - a +0 robe (worn)
 B - a +0 shield
 J - a scarf of spirit shield (worn)
Magical Staves
 E - an uncursed staff of earth {unknown}
Jewellery
 q - a ring of protection from magic (left claw)
Wands
 s - a wand of random effects (9)
 x - a wand of paralysis (10)
 C - a wand of flame (9)
 H - a wand of digging (5)
Scrolls
 e - a scroll of immolation {unknown}
 g - 7 scrolls of teleportation {unknown}
 h - a scroll of amnesia {unknown}
 i - 2 scrolls of enchant weapon {unknown}
 m - 7 scrolls of identify {unknown}
 n - 5 scrolls of remove curse {unknown}
 u - 2 scrolls of fog {unknown}
 w - 2 scrolls of magic mapping {unknown}
 D - 2 scrolls of fear {unknown}
 F - a scroll of vulnerability {unknown}
 I - a scroll of enchant armour {unknown}
Potions
 a - 2 potions of agility {unknown}
 j - 4 potions of flight {unknown}
 k - 6 potions of curing
 l - a potion of cancellation {unknown}
 o - 4 potions of heal wounds {unknown}
 p - 4 potions of brilliance {unknown}
 t - a potion of magic {unknown}
 v - a potion of degeneration {unknown}
 z - 3 potions of berserk rage
 A - a potion of might
 G - 2 potions of lignification {unknown}
Comestibles
 f - 14 rations


   Skills:
 - Level 5.0 Fighting
 - Level 3.6 Throwing
 - Level 7.1 Dodging
 - Level 0.3 Stealth
 + Level 10.3 Unarmed Combat


You had 9 spell levels left.
You didn't know any spells.
Your spell library contained the following spells:

 Spells                   Type           Power        Failure   Level  Hunger
 Magic Dart               Conj           #...         43%         1    ##.....
 Searing Ray              Conj           #.....       56%         2    ###....
 Dazzling Spray           Conj/Hex       #.....       80%         3    ####...
 Force Lance              Conj/Tloc      #.......     99%         4    #####..
 Fulminant Prism          Conj/Hex       #.........   99%         4    #####..
 Iskenderun's Mystic Bla  Conj           #.......     99%         4    #####..


Dungeon Overview and Level Annotations

Branches:
Dungeon (9/15)             Temple (0/1) D:7
   Lair: D:8-11         Orc: D:9-12

Altars:
Fedhas
Kikubaaqudgha
Nemelex Xobeh
Vehumet
Jiyva

Shops:
D:4 !

Annotations:
D:5 2 runed translucent doors
D:8 3 runed translucent doors, Nr616's ghost, novice GnSk


Innate Abilities, Weirdness & Mutations

You are too large for most types of armour.
You have claws for hands.
Your metabolism is lightning-fast.
You like to eat raw meat.
Your natural rate of healing is unusually fast.
You are covered in fur. (AC +1)
You have extremely tough skin. (AC +3)


Message History

The yak gores you!
* * * LOW HITPOINT WARNING * * *
You completely miss the yak.
The yak is moderately wounded.
The yak gores you!
* * * LOW HITPOINT WARNING * * *
You barely miss the yak.
The yak is moderately wounded.
You scratch the yak.
The yak is heavily wounded.
The yak gores you!
* * * LOW HITPOINT WARNING * * *
A yak comes into view.
The yak bellows!
You hear a bellow!
The jackal closely misses you. The jackal barely misses you.
The jackal completely misses you. The jackal misses you. The yak gores you!
You die...
Fedhas appreciates your contribution to the ecosystem.

#....# #.##h# #....h...
#.#..####.##Y#
#.#####..
#.#.......##.# #.# #..
#.........##.# #.# #..
###.####.###.# #.# #..
#.# #.# #.####>#####..
#.# #.# #.............
#.# #.#######...#####.
#.####@(..(.(.)....(...
#.....Yhh.##.#...######
####......##.##.##
#.....<(.....#
#......##.####
###.....Y##.#
#......Y....#
#.######.#### ... #.#
#.# .....


You could see 3 yaks and 2 jackals.

Vanquished Creatures
  The ghost of happinesssam the Cleaver, a novice FoSk of Wu Jian (D:7)
  Pikel (D:4)
  A troll (D:9)
  A hippogriff (D:7)
  4 yaks (D:9)
  A hungry ghost (D:8)
  A sky beast (D:6)
  2 slaves (D:3)
  A phantom (D:8)
  A necrophage (D:5)
  3 ogres
  A centaur (D:9)
  A big kobold (D:8)
  A bullfrog (D:9)
  A wyvern skeleton (D:8)
  4 scorpions
  2 howler monkeys (D:7)
  A crimson imp (D:6)
  A centaur zombie (D:7)
  A hound (D:9)
  A bullfrog zombie (D:5)
  A bullfrog skeleton (D:5)
  5 orc wizards
  An iguana (D:8)
  3 worker ants
  A hound skeleton (D:9)
  9 adders
  A hound simulacrum (D:7)
  2 oozes
  An adder skeleton (D:5)
  2 worms
  3 dart slugs (D:1)
  3 leopard geckos
  17 orcs
  4 giant cockroaches
  8 goblins
  6 hobgoblins
  7 jackals
  A quokka (D:6)
  4 ball pythons
  7 bats
  5 frilled lizards
  A jackal skeleton (D:8)
  10 kobolds
  4 rats
137 creatures vanquished.

Vanquished Creatures (collateral kills)
  A rust devil (D:7)
  An orc warrior (D:7)
  A bullfrog simulacrum (D:7)
3 creatures vanquished.

Vanquished Creatures (others)
  A wandering mushroom (D:7)
  A frilled lizard (D:4)
  48 toadstools
50 creatures vanquished.

Grand Total: 190 creatures vanquished

Notes
Turn   | Place    | Note
-------+----------+-------------------------------------------
     0 | D:1      | Lavandula the Troll Hunter began the quest for the Orb.
     0 | D:1      | Reached XP level 1. HP: 19/19 MP: 0/0
    61 | D:1      | Reached skill level 1 in Unarmed Combat
   138 | D:1      | Reached XP level 2. HP: 27/27 MP: 1/1
   178 | D:1      | Reached skill level 2 in Unarmed Combat
   314 | D:1      | Reached XP level 3. HP: 31/33 MP: 2/2
   883 | D:2      | Reached skill level 3 in Unarmed Combat
  1094 | D:3      | Reached XP level 4. HP: 41/41 MP: 3/3
  1116 | D:3      | Reached skill level 4 in Unarmed Combat
  1150 | D:3      | Found a sparkling altar of Nemelex Xobeh.
  1328 | D:3      | Found a faded altar of an unknown god.
  1336 | D:3      | Became a worshipper of Fedhas Madash
  1336 | D:3      | Reached * piety under Fedhas
  1374 | D:4      | Noticed Pikel
  1374 | D:4      | Noticed a slave
  1374 | D:4      | Noticed a slave
  1374 | D:4      | Noticed a slave
  1374 | D:4      | Noticed a slave
  1384 | D:3      | Killed a slave
  1392 | D:3      | Killed a slave
  1490 | D:4      | Noticed an ogre
  1505 | D:4      | Killed Pikel
  1505 | D:4      | Reached skill level 7 in Unarmed Combat
  1505 | D:4      | Reached XP level 5. HP: 16/48 MP: 4/4
  1505 | D:4      | Reached XP level 6. HP: 18/55 MP: 5/5
  1505 | D:4      | Reached XP level 7. HP: 20/62 MP: 6/6
  1538 | D:4      | Reached skill level 8 in Unarmed Combat
  1780 | D:4      | Found Heotiaf's Distillery.
  1799 | D:4      | Bought a potion of curing for 39 gold pieces
  1799 | D:4      | Bought a potion of berserk rage for 65 gold pieces
  1799 | D:4      | Bought a potion of might for 52 gold pieces
  1968 | D:5      | Entered Level 5 of the Dungeon
  2028 | D:5      | Found an ancient bone altar of Kikubaaqudgha.
  2097 | D:5      | Found a runed translucent gate.
  2102 | D:5      | Found a runed translucent gate.
  2180 | D:5      | Reached skill level 9 in Unarmed Combat
  2329 | D:6      | Found a radiant altar of Vehumet.
  2373 | D:6      | Reached XP level 8. HP: 41/69 MP: 7/7
  2374 | D:6      | Reached ** piety under Fedhas
  2841 | D:7      | Noticed a rust devil
  2891 | D:7      | Killed a rust devil
  2970 | D:7      | Noticed an angel
  2996 | D:7      | Found a staircase to the Ecumenical Temple.
  3026 | D:7      | Noticed a hippogriff
  3037 | D:7      | Killed a hippogriff
  3037 | D:7      | Reached skill level 5 in Dodging
  3098 | D:7      | Found a runed translucent gate.
  3099 | D:7      | Found a runed translucent gate.
  3100 | D:7      | Found a runed translucent gate.
  3102 | D:7      | Noticed happinesssam's ghost (novice FoSk)
  3294 | D:7      | Killed happinesssam's ghost
  3294 | D:7      | Reached XP level 9. HP: 75/75 MP: 8/8
  3434 | D:8      | Found a runed translucent gate.
  3438 | D:8      | Found a runed translucent gate.
  3439 | D:8      | Found a runed translucent gate.
  3441 | D:8      | Noticed Nr616's ghost (novice GnSk)
  3448 | D:8      | Found a viscous altar of Jiyva.
  4129 | D:9      | Reached skill level 5 in Fighting
  4172 | D:8      | Reached *** piety under Fedhas
  4362 | D:9      | Noticed a troll
  4399 | D:9      | Killed a troll
  4399 | D:9      | Reached skill level 10 in Unarmed Combat
  4404 | D:9      | Reached XP level 10. HP: 35/95 MP: 2/9
  4420 | D:9      | Slain by a yak

Skill      XL: |  1  2  3  4  5  6  7  8  9 |
---------------+----------------------------+-----
Unarmed Combat | 1 2 3 7 9 10 | 10.3
Dodging        | 6 7 |  7.1
Fighting       | 5 |  5.0
Throwing       | |  3.6
Stealth        | |  0.3

Action                   |  1- 3 |  4- 6 |  7- 9 | 10-12 || total
-------------------------+-------+-------+-------+-------++-------
Melee: Unarmed           |    94 |    84 |   268 |     5 ||   451
       Punch             |     1 |       |    13 |       ||    14
Throw: Large rock        |       |       |     2 |     1 ||     3
Invok: Fungal Bloom      |       |       |    21 |       ||    21
       Evolution         |       |       |     2 |       ||     2
       Sunlight          |       |       |     1 |       ||     1
Evoke: Wand              |       |       |     7 |       ||     7
 Stab: Sleeping          |     3 |       |       |       ||     3
       Confused          |       |       |     1 |       ||     1
  Eat: Chunk             |     7 |    12 |    15 |       ||    34
       Ration            |       |       |     2 |       ||     2
Armor: Robe              |    53 |    25 |    51 |     1 ||   130
Dodge: Dodged            |    54 |    45 |   123 |     4 ||   226
